Remparts vs Tamiflu
Created - 31 octobre 2015 at 09:35
Goals
|
| Remparts |
1 |
1 |
2 |
4 |
| Tamiflu |
3 |
2 |
2 |
7 |
|
Shots
|
| Remparts |
17 |
12 |
5 |
34 |
| Tamiflu |
13 |
19 |
12 |
44 |
|
1st period
1. Remparts , Cédric Lalonde-McNicoll 2 (Keith Aulie, Matt Halischuk) at 4:23
2. Tamiflu , Greg Mauldin 8 (Petr Pohl, Philip Samuelsson) at 9:54
3. Tamiflu , Petr Pohl 9 (Greg Mauldin) at 11:43 (PP)
4. Tamiflu , Jordan Hendry 3 (Kyle Lawson) at 14:06
Penalties :
Erik Gustafsson (Que) for Hooking (Minor) at 11:33
2nd period
5. Tamiflu , Jan Mursak 4 (Jordan Hendry, Adam Henrique) at 8:38
6. Remparts , Guillaume Desbiens 6 (Keith Aulie, Jonathan Matsumoto) at 12:48
7. Tamiflu , Philippe Dupuis 1 (Ben Hanowski, Jordan Hendry) at 14:09
Penalties :
Petr Pohl (Det) for Hooking (Minor) at 19:48
3rd period
8. Remparts , Jonathan Matsumoto 1 (Mattias Weinhandl) at 3:34 (PP)
9. Tamiflu , Petr Pohl 10 (Greg Mauldin) at 4:54 (PP)
10. Tamiflu , Greg Mauldin 9 (Petr Pohl, Jordan Hendry) at 10:00 (SH)
11. Remparts , Jonathan Matsumoto 2 (Mattias Weinhandl, Ty Wishart) at 14:27
Penalties :
Jan Mursak (Det) for Hooking (Minor) at 3:28, Ty Wishart (Que) for Diving (Minor) at 4:53, Rich Clune (Det) for Roughing (Minor) at 7:16, Mattias Tedenby (Det) for Roughing (Minor) at 9:51, Jonathan Sigalet (Det) for Unsportsmanlike conduct (Major / Game Misconduct) at 15:12
Goalie Stats
Petr Mrazek (Que), 37 saves from 44 shots - (0,841), L, 1-2-0, 60:00 minutes
Mike McKenna (Det), 30 saves from 34 shots - (0,882), W, 4-5-1, 60:00 minutes
Players Stats for Remparts
Player Name G A P +/- PIM S H SB GA TA FO MP PP MP PK MP
------------------------------------------------------------------------------------
Brandon Gormley 0 0 0 0 0 2 0 4 0 0 0/0 20:31 5:07 0:00
Cédric Lalonde-McNicoll 1 0 1 1 0 4 0 1 0 0 2/8 17:35 4:20 0:00
Chris Mueller 0 0 0 1 0 0 1 0 0 0 1/6 11:56 0:59 0:00
Denis Bodrov 0 0 0 0 0 0 0 0 0 0 0/0 12:03 0:45 0:00
Erik Gustafsson 0 0 0 0 2 0 0 2 0 0 0/0 11:17 0:00 0:00
Geordie Wudrick 0 0 0 -1 0 1 2 0 0 0 0/0 7:36 0:17 0:00
Guillaume Desbiens 1 0 1 1 0 4 0 1 2 0 0/0 15:06 4:39 0:11
Jarod Palmer 0 0 0 -1 0 0 0 0 0 0 1/3 7:19 0:00 0:00
Johannes Salmonsson 0 0 0 1 0 2 0 0 0 0 1/1 13:49 2:41 0:00
Jonathan Cheechoo 0 0 0 -2 0 3 2 0 0 0 0/0 17:11 4:37 0:00
Jonathan Matsumoto 2 1 3 -3 0 3 1 0 0 0 18/38 23:11 5:12 0:00
Keith Aulie 0 2 2 -2 0 2 1 4 1 1 0/0 27:51 5:23 0:11
Matt Halischuk 0 1 1 1 0 2 2 0 1 0 0/0 13:25 0:10 0:00
Mattias Weinhandl 0 2 2 -3 0 3 1 0 1 2 1/3 23:32 5:12 0:11
Pasi Salonen 0 0 0 -2 0 3 2 1 1 0 0/1 11:31 0:00 0:00
Rico Fata 0 0 0 1 0 3 4 0 0 1 0/0 17:38 4:23 0:00
Ty Wishart 0 1 1 0 2 1 1 2 0 0 0/0 20:30 5:07 0:00
William Colbert 0 0 0 -2 0 1 4 2 1 0 0/0 27:46 5:18 0:11
Players Stats for Tamiflu
Player Name G A P +/- PIM S H SB GA TA FO MP PP MP PK MP
------------------------------------------------------------------------------------
Adam Henrique 0 1 1 0 0 3 0 1 0 0 7/9 17:15 0:00 2:22
Ben Hanowski 0 1 1 1 0 4 0 1 0 0 0/0 7:31 0:00 0:00
Colin Greening 0 0 0 -1 0 0 2 0 0 2 5/8 14:14 0:00 3:00
Garrett Wilson 0 0 0 1 0 2 2 0 1 1 0/0 11:02 0:00 3:24
Greg Mauldin 2 2 4 2 0 6 0 0 1 1 17/32 20:43 0:11 5:18
Jan Mursak 1 0 1 0 2 4 5 0 0 0 0/0 14:52 0:00 0:00
Jonathan Sigalet 0 0 0 3 15 4 0 1 1 0 0/0 22:14 0:11 3:43
Jordan Hendry 1 3 4 4 0 4 0 2 0 0 0/0 26:20 0:11 5:59
Justin Braun 0 0 0 -1 0 2 0 0 0 0 0/0 17:45 0:00 4:19
Kyle Lawson 0 1 1 0 0 0 1 1 0 1 0/0 19:21 0:00 2:09
Mattias Tedenby 0 0 0 -1 2 4 3 0 0 0 0/0 11:31 0:00 0:00
Nino Niederreiter 0 0 0 0 0 3 1 1 0 1 1/1 18:23 0:00 3:23
Petr Pohl 2 2 4 2 2 4 2 2 1 0 2/4 19:42 0:11 4:07
Philip Samuelsson 0 1 1 -1 0 1 0 0 0 1 0/0 19:50 0:00 4:27
Philippe Dupuis 1 0 1 1 0 1 0 1 0 0 3/5 7:31 0:00 0:00
Rich Clune 0 0 0 -1 2 1 1 0 0 0 0/0 11:13 0:00 0:00
Tye McGinn 0 0 0 1 0 1 1 1 0 0 1/1 15:09 0:11 0:06
Zach Trotman 0 0 0 -1 0 0 1 4 0 0 0/0 14:29 0:00 1:03
3 Stars
1 - Jordan Hendry (Det)
2 - Greg Mauldin (Det)
3 - Petr Pohl (Det)
Power Play
Remparts - 1 on 5 Attempt(s) - 20,00%
Tamiflu - 2 on 2 Attempt(s) - 100,00%
Penalty Kill
Remparts - 0 on 2 Attempt(s) - 0,00%
- Score 0 goal in Penalty Kill
Tamiflu - 4 on 5 Attempt(s) - 80,00%
- Score 1 goal in Penalty Kill
Team Stat
Remparts - Hits : 21 - Faceoff Wins : 24 - Blocked Shots : 17 - Penalty Minutes : 4
Tamiflu - Hits : 19 - Faceoff Wins : 36 - Blocked Shots : 15 - Penalty Minutes : 23
Official
Referees : Meier Brad and Fraser Kerry
Linesman : Brian Mach and Shane Heyer
Game Notes
Pasi Salonen is injured at 13:00 of 2nd period (Strained Left Elbow)
13:30 of 3rd period - Remparts goal is going for a video replay. After video review, No Goal. The puck has been kicked using a distinct kicking motion.
Jonathan Sigalet ejected from game at 15:12 of 3rd period
Finance
Level 1 -- Attendance: 1576 (78,80%) -- Ticket Income 47 280 $
Level 2 -- Attendance: 708 (70,80%) -- Ticket Income 8 496 $
Total Attendance: 2284 (76,13%)
Total Ticket Income: 55 776 $
Other Income: 2 789 $
Total Income: 58 565 $
Remparts
5 vs 5 Forward
Center Left Wing Right Wing Time % Phy DF OF
1 Jonathan Matsumoto Pasi Salonen Mattias Weinhandl 40 0 2 3
2 Cédric Lalonde-McNicoll Rico Fata Matt Halischuk 30 0 2 3
3 Chris Mueller Johannes Salmonsson Guillaume Desbiens 20 1 2 2
4 Jarod Palmer Geordie Wudrick Jonathan Cheechoo 10 1 2 2
5 vs 5 Defense
Defense Defense Time % Phy DF OF
1 Keith Aulie William Colbert 40 0 2 3
2 Ty Wishart Brandon Gormley 30 0 2 3
3 Denis Bodrov Erik Gustafsson 20 1 2 2
4 Keith Aulie William Colbert 10 1 2 2
PowerPlay Forward
Center Left Wing Right Wing Time % Phy DF OF
1 Jonathan Matsumoto Pasi Salonen Mattias Weinhandl 60 0 1 4
2 Cédric Lalonde-McNicoll Rico Fata Guillaume Desbiens 40 0 1 4
PowerPlay Defense
Defense Defense Time % Phy DF OF
1 Keith Aulie William Colbert 60 0 2 3
2 Ty Wishart Brandon Gormley 40 0 2 3
Penalty Kill 4 Players Forward
Center Wing Time % Phy DF OF
1 Mattias Weinhandl Guillaume Desbiens 60 1 4 0
2 Pasi Salonen Matt Halischuk 40 1 4 0
Penalty Kill 4 Players Defense
Defense Defense Time % Phy DF OF
1 Keith Aulie William Colbert 60 1 4 0
2 Ty Wishart Erik Gustafsson 40 1 4 0
Penalty Kill - 3 Players Forward
Forward Time % Phy DF OF
1 Mattias Weinhandl 60 1 4 0
2 Guillaume Desbiens 40 1 4 0
Penalty Kill - 3 Players Defense
Defense Defense Time % Phy DF OF
1 Keith Aulie William Colbert 60 1 4 0
2 Ty Wishart Erik Gustafsson 40 1 4 0
4 vs 4 Forward
Center Wing Time % Phy DF OF
1 Mattias Weinhandl Guillaume Desbiens 60 0 2 3
2 Pasi Salonen Matt Halischuk 40 0 2 3
4 vs 4 Defense
Defense Defense Time % Phy DF OF
1 Keith Aulie William Colbert 60 1 2 2
2 Ty Wishart Brandon Gormley 40 1 2 2
Last Minutes Offensive
Center Left Wing Right Wing Defense Defense
Jonathan Matsumoto Pasi Salonen Mattias Weinhandl Keith Aulie William Colbert
Last Minutes Defensive
Center Left Wing Right Wing Defense Defense
Jonathan Matsumoto Pasi Salonen Mattias Weinhandl Keith Aulie William Colbert
Goaltenders
Starting : Petr Mrazek
Backup : Keith Kinkaid
Extra Forwards
Normal : Jonathan Cheechoo, Johannes Salmonsson, Chris Mueller - PP : Jonathan Cheechoo, Johannes Salmonsson - PK : Chris Mueller
Extra Defensemen
Normal : Brandon Gormley, Keith Aulie, Denis Bodrov - PP : Denis Bodrov - PK : Brandon Gormley, Denis Bodrov
Penalty Shots
Mattias Weinhandl, Guillaume Desbiens, Pasi Salonen, Matt Halischuk, Rico Fata
Tamiflu
5 vs 5 Forward
Center Left Wing Right Wing Time % Phy DF OF
1 Greg Mauldin Tye McGinn Petr Pohl 40 1 2 2
2 Adam Henrique Jan Mursak Nino Niederreiter 30 1 2 2
3 Colin Greening Rich Clune Mattias Tedenby 20 1 2 2
4 Philippe Dupuis Garrett Wilson Ben Hanowski 10 1 2 2
5 vs 5 Defense
Defense Defense Time % Phy DF OF
1 Jonathan Sigalet Jordan Hendry 40 1 2 2
2 Zach Trotman Justin Braun 25 1 2 2
3 Kyle Lawson Philip Samuelsson 25 1 2 2
4 Jordan Hendry Kyle Lawson 10 1 2 2
PowerPlay Forward
Center Left Wing Right Wing Time % Phy DF OF
1 Greg Mauldin Tye McGinn Petr Pohl 60 1 2 2
2 Adam Henrique Jan Mursak Nino Niederreiter 40 1 2 2
PowerPlay Defense
Defense Defense Time % Phy DF OF
1 Jonathan Sigalet Jordan Hendry 60 1 2 2
2 Kyle Lawson Philip Samuelsson 40 1 2 2
Penalty Kill 4 Players Forward
Center Wing Time % Phy DF OF
1 Greg Mauldin Petr Pohl 60 1 2 2
2 Adam Henrique Nino Niederreiter 40 1 2 2
Penalty Kill 4 Players Defense
Defense Defense Time % Phy DF OF
1 Jonathan Sigalet Jordan Hendry 60 1 2 2
2 Justin Braun Philip Samuelsson 40 1 2 2
Penalty Kill - 3 Players Forward
Forward Time % Phy DF OF
1 Greg Mauldin 60 1 2 2
2 Adam Henrique 40 1 2 2
Penalty Kill - 3 Players Defense
Defense Defense Time % Phy DF OF
1 Jonathan Sigalet Jordan Hendry 60 1 2 2
2 Justin Braun Philip Samuelsson 40 1 2 2
4 vs 4 Forward
Center Wing Time % Phy DF OF
1 Greg Mauldin Petr Pohl 60 1 2 2
2 Adam Henrique Nino Niederreiter 40 1 2 2
4 vs 4 Defense
Defense Defense Time % Phy DF OF
1 Jonathan Sigalet Jordan Hendry 60 1 2 2
2 Kyle Lawson Philip Samuelsson 40 1 2 2
Last Minutes Offensive
Center Left Wing Right Wing Defense Defense
Greg Mauldin Tye McGinn Petr Pohl Jonathan Sigalet Jordan Hendry
Last Minutes Defensive
Center Left Wing Right Wing Defense Defense
Greg Mauldin Tye McGinn Petr Pohl Jonathan Sigalet Jordan Hendry
Goaltenders
Starting : Mike McKenna
Backup : Thomas Greiss
Extra Forwards
Normal : Tye McGinn, Nino Niederreiter, Mattias Tedenby - PP : Petr Pohl, Adam Henrique - PK : Nino Niederreiter
Extra Defensemen
Normal : Jonathan Sigalet, Justin Braun, Philip Samuelsson - PP : Philip Samuelsson - PK : Justin Braun, Jonathan Sigalet
Penalty Shots
Greg Mauldin, Adam Henrique, Petr Pohl, Nino Niederreiter, Tye McGinn
% Time on Ice - Remparts
Lines # - Real PCT - Wanted PCT - Time Play
Normal Forward
1 - 37% - 40% - 17:59
2 - 27% - 30% - 13:15
3 - 21% - 20% - 10:26
4 - 15% - 10% - 7:19
Normal Defense
1 - 39% - 40% - 18:55
2 - 31% - 30% - 15:24
3 - 23% - 20% - 11:18
4 - 7% - 10% - 3:22
PP Forward
1 - 66% - 60% - 7:09
2 - 34% - 40% - 3:41
PP Defense
1 - 53% - 60% - 5:43
2 - 47% - 40% - 5:07
PK Forward
1 - 100% - 60% - 0:11
2 - 0% - 40% - 0:00
PK Defense
1 - 100% - 60% - 0:11
2 - 0% - 40% - 0:00
PK3 Forward
1 - 0% - 60%
2 - 0% - 40%
PK3 Defense
1 - 0% - 60%
2 - 0% - 40%
44 Forward
1 - 0% - 60%
2 - 0% - 40%
44 Defense
1 - 0% - 60%
2 - 0% - 40%
Last Minute Offensive - 0:00
Last Minute Defensive - 0:00
Total
Forward - 60:00
Defense - 60:00
|
% Time on Ice - Tamiflu
Lines # - Real PCT - Wanted PCT - Time Play
Normal Forward
1 - 31% - 40% - 15:25
2 - 30% - 30% - 14:53
3 - 23% - 20% - 11:10
4 - 15% - 10% - 7:31
Normal Defense
1 - 37% - 40% - 18:21
2 - 27% - 25% - 13:26
3 - 27% - 25% - 13:12
4 - 8% - 10% - 4:00
PP Forward
1 - 100% - 60% - 0:11
2 - 0% - 40% - 0:00
PP Defense
1 - 100% - 60% - 0:11
2 - 0% - 40% - 0:00
PK Forward
1 - 78% - 60% - 8:28
2 - 22% - 40% - 2:22
PK Defense
1 - 78% - 60% - 8:30
2 - 22% - 40% - 2:20
PK3 Forward
1 - 0% - 60%
2 - 0% - 40%
PK3 Defense
1 - 0% - 60%
2 - 0% - 40%
44 Forward
1 - 0% - 60%
2 - 0% - 40%
44 Defense
1 - 0% - 60%
2 - 0% - 40%
Last Minute Offensive - 0:00
Last Minute Defensive - 0:00
Total
Forward - 60:00
Defense - 60:00
|
Play by Play
1st period
0:01 of 1st period - Jonathan Matsumoto wins face-off versus Greg Mauldin in neutral zone.
0:26 of 1st period - Nino Niederreiter is hit by Matt Halischuk and loses puck.
0:31 of 1st period - Snap shot by Matt Halischuk.
0:31 of 1st period - Shot Blocked by Adam Henrique.
0:33 of 1st period - Slapshot by Brandon Gormley.
0:33 of 1st period - Shot Misses the Net.
0:35 of 1st period - Snap shot by Ty Wishart.
0:35 of 1st period - Shot Blocked by Jonathan Sigalet.
0:37 of 1st period - Wrist shot by Matt Halischuk.
0:37 of 1st period - Stopped by Mike McKenna without a rebound.
0:38 of 1st period - Johannes Salmonsson wins face-off versus Colin Greening in Tamiflu zone.
1:10 of 1st period - Wrist shot by Ben Hanowski.
1:10 of 1st period - Stopped by Petr Mrazek with a rebound.
1:12 of 1st period - Slapshot by Garrett Wilson.
1:12 of 1st period - Shot Misses the Net.
1:14 of 1st period - Wrist shot by Garrett Wilson.
1:14 of 1st period - Shot Misses the Net.
1:23 of 1st period - Icing by Erik Gustafsson.
1:24 of 1st period - Jonathan Matsumoto wins face-off versus Petr Pohl in Remparts zone.
2:13 of 1st period - Slapshot by Guillaume Desbiens.
2:13 of 1st period - Shot Blocked by Jordan Hendry.
2:41 of 1st period - Snap shot by Jonathan Cheechoo.
2:41 of 1st period - Shot Misses the Net.
2:51 of 1st period - Slapshot by Jonathan Sigalet.
2:51 of 1st period - Shot Misses the Net.
3:01 of 1st period - Wrist shot by Pasi Salonen.
3:01 of 1st period - Stopped by Mike McKenna with a rebound.
3:11 of 1st period - Brandon Gormley is hit by Jan Mursak and loses puck.
3:32 of 1st period - Justin Braun is hit by Geordie Wudrick and loses puck.
3:51 of 1st period - William Colbert is hit by Tye McGinn and loses puck.
4:19 of 1st period - Backhand shot by Matt Halischuk.
4:19 of 1st period - Stopped by Mike McKenna with a rebound.
4:21 of 1st period - Slapshot by Keith Aulie.
4:21 of 1st period - Shot Misses the Net.
4:23 of 1st period - Wrist shot by Cédric Lalonde-McNicoll.
4:23 of 1st period - Goal by Cédric Lalonde-McNicoll - Remparts : 1 - Tamiflu : 0.
4:24 of 1st period - Jonathan Matsumoto wins face-off versus Greg Mauldin in neutral zone.
4:49 of 1st period - Petr Pohl is hit by William Colbert and loses puck.
5:02 of 1st period - Slapshot by Johannes Salmonsson.
5:02 of 1st period - Shot Hit the Post.
5:18 of 1st period - Nino Niederreiter is hit by Rico Fata and loses puck.
5:30 of 1st period - Icing by Mattias Tedenby.
5:31 of 1st period - Mattias Weinhandl wins face-off versus Colin Greening in Tamiflu zone.
5:32 of 1st period - Wrist shot by Jonathan Matsumoto.
5:32 of 1st period - Deflect By Mattias Weinhandl.
5:32 of 1st period - Shot Misses the Net.
5:32 of 1st period - Puck is out of play.
5:33 of 1st period - Colin Greening wins face-off versus Jonathan Matsumoto in Tamiflu zone.
5:38 of 1st period - Backhand shot by Jonathan Sigalet.
5:38 of 1st period - Stopped by Petr Mrazek with a rebound.
5:40 of 1st period - Slapshot by Jordan Hendry.
5:40 of 1st period - Shot Misses the Net.
5:42 of 1st period - Wrist shot by Colin Greening.
5:42 of 1st period - Shot Misses the Net.
5:48 of 1st period - Snap shot by Mattias Tedenby.
5:48 of 1st period - Stopped by Petr Mrazek with a rebound.
6:30 of 1st period - Wrist shot by Johannes Salmonsson.
6:30 of 1st period - Stopped by Mike McKenna without a rebound.
6:31 of 1st period - Jonathan Matsumoto wins face-off versus Petr Pohl in Tamiflu zone.
7:06 of 1st period - Slapshot by Rico Fata.
7:06 of 1st period - Stopped by Mike McKenna without a rebound.
7:07 of 1st period - Jonathan Matsumoto wins face-off versus Greg Mauldin in Tamiflu zone.
7:12 of 1st period - Snap shot by Pasi Salonen.
7:12 of 1st period - Shot Blocked by Petr Pohl.
7:20 of 1st period - Wrist shot by Pasi Salonen.
7:20 of 1st period - Shot Misses the Net.
7:41 of 1st period - Slapshot by Matt Halischuk.
7:41 of 1st period - Shot Misses the Net.
7:51 of 1st period - Slapshot by Jonathan Cheechoo.
7:51 of 1st period - Stopped by Mike McKenna with a rebound.
7:57 of 1st period - Denis Bodrov is hit by Colin Greening and loses puck.
8:13 of 1st period - Off-side.
8:14 of 1st period - Philippe Dupuis wins face-off versus Chris Mueller in neutral zone.
8:27 of 1st period - Wrist shot by Ben Hanowski.
8:27 of 1st period - Shot Blocked by William Colbert.
8:43 of 1st period - Snap shot by Greg Mauldin.
8:43 of 1st period - Shot Misses the Net.
8:45 of 1st period - Slapshot by Zach Trotman.
8:45 of 1st period - Deflect By Petr Pohl.
8:45 of 1st period - Shot Misses the Net.
8:45 of 1st period - Puck is out of play.
8:46 of 1st period - Adam Henrique wins face-off versus Jonathan Matsumoto in Remparts zone.
8:47 of 1st period - Snap shot by Jordan Hendry.
8:47 of 1st period - Stopped by Petr Mrazek without a rebound.
8:48 of 1st period - Adam Henrique wins face-off versus Jonathan Matsumoto in Remparts zone.
9:19 of 1st period - Wrist shot by Matt Halischuk.
9:19 of 1st period - Shot Misses the Net.
9:21 of 1st period - Snap shot by Rico Fata.
9:21 of 1st period - Shot Misses the Net.
9:23 of 1st period - Wrist shot by Cédric Lalonde-McNicoll.
9:23 of 1st period - Stopped by Mike McKenna without a rebound.
9:24 of 1st period - Adam Henrique wins face-off versus Chris Mueller in Tamiflu zone.
9:24 of 1st period - Adam Henrique is hit by William Colbert.
9:54 of 1st period - Snap shot by Greg Mauldin.
9:54 of 1st period - Goal by Greg Mauldin - Remparts : 1 - Tamiflu : 1.
9:55 of 1st period - Jonathan Matsumoto wins face-off versus Greg Mauldin in neutral zone.
10:00 of 1st period - Slapshot by Pasi Salonen.
10:00 of 1st period - Stopped by Mike McKenna without a rebound.
10:01 of 1st period - Petr Pohl wins face-off versus Jonathan Matsumoto in Tamiflu zone.
10:01 of 1st period - Petr Pohl is hit by William Colbert.
10:49 of 1st period - Jan Mursak is hit by Geordie Wudrick.
10:53 of 1st period - Slapshot by Adam Henrique.
10:53 of 1st period - Stopped by Petr Mrazek with a rebound.
11:07 of 1st period - Slapshot by Jonathan Sigalet.
11:07 of 1st period - Stopped by Petr Mrazek with a rebound.
11:09 of 1st period - Snap shot by Ben Hanowski.
11:09 of 1st period - Stopped by Petr Mrazek with a rebound.
11:11 of 1st period - Slapshot by Garrett Wilson.
11:11 of 1st period - Stopped by Petr Mrazek without a rebound.
11:12 of 1st period - Jonathan Matsumoto wins face-off versus Philippe Dupuis in Remparts zone.
11:33 of 1st period - Minor Penalty to Erik Gustafsson for Hooking.
11:34 of 1st period - Greg Mauldin wins face-off versus Mattias Weinhandl in Remparts zone.
11:43 of 1st period - Backhand shot by Petr Pohl.
11:43 of 1st period - Goal by Petr Pohl - Remparts : 1 - Tamiflu : 2.
11:44 of 1st period - Jonathan Matsumoto wins face-off versus Greg Mauldin in neutral zone.
12:09 of 1st period - Jan Mursak is hit by Matt Halischuk and loses puck.
13:00 of 1st period - Wrist shot by Guillaume Desbiens.
13:00 of 1st period - Shot Blocked by Jordan Hendry.
13:22 of 1st period - Slapshot by Kyle Lawson.
13:22 of 1st period - Shot Misses the Net.
13:42 of 1st period - Snap shot by Greg Mauldin.
13:42 of 1st period - Shot Misses the Net.
14:06 of 1st period - Wrist shot by Jordan Hendry.
14:06 of 1st period - Goal by Jordan Hendry - Remparts : 1 - Tamiflu : 3.
14:07 of 1st period - Jonathan Matsumoto wins face-off versus Greg Mauldin in neutral zone.
14:10 of 1st period - Slapshot by Keith Aulie.
14:10 of 1st period - Deflect By Mattias Weinhandl.
14:10 of 1st period - Stopped by Mike McKenna with a rebound.
14:14 of 1st period - Snap shot by Mattias Weinhandl.
14:14 of 1st period - Shot Blocked by Zach Trotman.
14:16 of 1st period - Snap shot by Mattias Weinhandl.
14:16 of 1st period - Shot Misses the Net.
14:18 of 1st period - Slapshot by William Colbert.
14:18 of 1st period - Shot Blocked by Zach Trotman.
14:39 of 1st period - Slapshot by Rico Fata.
14:39 of 1st period - Stopped by Mike McKenna with a rebound.
14:53 of 1st period - Brandon Gormley is hit by Mattias Tedenby and loses puck.
14:58 of 1st period - Snap shot by Mattias Tedenby.
14:58 of 1st period - Stopped by Petr Mrazek with a rebound.
15:00 of 1st period - Slapshot by Philip Samuelsson.
15:00 of 1st period - Deflect By Mattias Tedenby.
15:00 of 1st period - Shot Blocked by Ty Wishart.
15:00 of 1st period - Puck is out of play.
15:01 of 1st period - Jonathan Matsumoto wins face-off versus Greg Mauldin in Remparts zone.
16:06 of 1st period - Snap shot by Jonathan Cheechoo.
16:06 of 1st period - Shot Blocked by Ben Hanowski.
17:33 of 1st period - Slapshot by Jonathan Cheechoo.
17:33 of 1st period - Stopped by Mike McKenna without a rebound.
17:34 of 1st period - Philippe Dupuis wins face-off versus Jarod Palmer in Tamiflu zone.
17:41 of 1st period - Slapshot by Keith Aulie.
17:41 of 1st period - Deflect By Jordan Hendry.
17:41 of 1st period - Stopped by Mike McKenna with a rebound.
17:43 of 1st period - Slapshot by Keith Aulie.
17:43 of 1st period - Stopped by Mike McKenna with a rebound.
17:45 of 1st period - Snap shot by Keith Aulie.
17:45 of 1st period - Shot Misses the Net.
17:47 of 1st period - Slapshot by Keith Aulie.
17:47 of 1st period - Shot Misses the Net.
17:49 of 1st period - Wrist shot by William Colbert.
17:49 of 1st period - Stopped by Mike McKenna with a rebound.
18:04 of 1st period - Wrist shot by Mattias Weinhandl.
18:04 of 1st period - Stopped by Mike McKenna with a rebound.
18:06 of 1st period - Slapshot by Keith Aulie.
18:06 of 1st period - Shot Misses the Net.
18:08 of 1st period - Slapshot by William Colbert.
18:08 of 1st period - Shot Blocked by Tye McGinn.
18:18 of 1st period - Snap shot by Adam Henrique.
18:18 of 1st period - Stopped by Petr Mrazek with a rebound.
18:48 of 1st period - Slapshot by Guillaume Desbiens.
18:48 of 1st period - Stopped by Mike McKenna with a rebound.
19:48 of 1st period - William Colbert is hit by Jan Mursak and loses puck.
Goals for this period are 1 for Remparts vs 3 for Tamiflu.
Shots for this period are 17 for Remparts vs 13 for Tamiflu.
2nd period
0:01 of 2nd period - Greg Mauldin wins face-off versus Pasi Salonen in neutral zone.
0:32 of 2nd period - Wrist shot by Jan Mursak.
0:32 of 2nd period - Stopped by Petr Mrazek with a rebound.
0:34 of 2nd period - Slapshot by Jordan Hendry.
0:34 of 2nd period - Stopped by Petr Mrazek with a rebound.
1:08 of 2nd period - Wrist shot by Jonathan Cheechoo.
1:08 of 2nd period - Shot Blocked by Philippe Dupuis.
1:31 of 2nd period - Snap shot by Ben Hanowski.
1:31 of 2nd period - Deflect By Greg Mauldin.
1:31 of 2nd period - Stopped by Petr Mrazek without a rebound.
1:32 of 2nd period - Tye McGinn wins face-off versus Jonathan Matsumoto in Remparts zone.
2:48 of 2nd period - Slapshot by Kyle Lawson.
2:48 of 2nd period - Shot Blocked by Brandon Gormley.
2:50 of 2nd period - Slapshot by Philip Samuelsson.
2:50 of 2nd period - Deflect By Ben Hanowski.
2:50 of 2nd period - Shot Blocked by Brandon Gormley.
2:50 of 2nd period - Puck is out of play.
2:51 of 2nd period - Jonathan Matsumoto wins face-off versus Greg Mauldin in Remparts zone.
3:01 of 2nd period - Tye McGinn is hit by Pasi Salonen.
3:23 of 2nd period - Jordan Hendry is hit by Rico Fata and loses puck.
4:01 of 2nd period - Wrist shot by Garrett Wilson.
4:01 of 2nd period - Stopped by Petr Mrazek without a rebound.
4:02 of 2nd period - Philippe Dupuis wins face-off versus Jonathan Matsumoto in Remparts zone.
4:09 of 2nd period - Snap shot by Ben Hanowski.
4:09 of 2nd period - Stopped by Petr Mrazek with a rebound.
4:13 of 2nd period - Snap shot by Ben Hanowski.
4:13 of 2nd period - Stopped by Petr Mrazek with a rebound.
4:15 of 2nd period - Snap shot by Philippe Dupuis.
4:15 of 2nd period - Shot Blocked by Brandon Gormley.
4:17 of 2nd period - Slapshot by Garrett Wilson.
4:17 of 2nd period - Shot Misses the Net.
4:46 of 2nd period - Wrist shot by Guillaume Desbiens.
4:46 of 2nd period - Stopped by Mike McKenna with a rebound.
4:48 of 2nd period - Wrist shot by Guillaume Desbiens.
4:48 of 2nd period - Shot Misses the Net.
4:50 of 2nd period - Slapshot by Brandon Gormley.
4:50 of 2nd period - Stopped by Mike McKenna without a rebound.
4:51 of 2nd period - Chris Mueller wins face-off versus Adam Henrique in Tamiflu zone.
5:06 of 2nd period - Wrist shot by Johannes Salmonsson.
5:06 of 2nd period - Shot Misses the Net.
5:29 of 2nd period - Snap shot by Mattias Tedenby.
5:29 of 2nd period - Stopped by Petr Mrazek with a rebound.
5:43 of 2nd period - Wrist shot by Petr Pohl.
5:43 of 2nd period - Shot Misses the Net.
5:45 of 2nd period - Slapshot by Jordan Hendry.
5:45 of 2nd period - Shot Blocked by Keith Aulie.
6:07 of 2nd period - Snap shot by Rico Fata.
6:07 of 2nd period - Stopped by Mike McKenna without a rebound.
6:08 of 2nd period - Nino Niederreiter wins face-off versus Cédric Lalonde-McNicoll in Tamiflu zone.
6:45 of 2nd period - Snap shot by Pasi Salonen.
6:45 of 2nd period - Stopped by Mike McKenna with a rebound.
6:47 of 2nd period - Snap shot by Brandon Gormley.
6:47 of 2nd period - Shot Misses the Net.
6:59 of 2nd period - Jarod Palmer is hit by Rich Clune and loses puck.
7:19 of 2nd period - Snap shot by Guillaume Desbiens.
7:19 of 2nd period - Shot Misses the Net.
7:21 of 2nd period - Slapshot by Johannes Salmonsson.
7:21 of 2nd period - Stopped by Mike McKenna without a rebound.
7:22 of 2nd period - Adam Henrique wins face-off versus Chris Mueller in Tamiflu zone.
7:29 of 2nd period - Snap shot by Guillaume Desbiens.
7:29 of 2nd period - Stopped by Mike McKenna without a rebound.
7:30 of 2nd period - Adam Henrique wins face-off versus Jonathan Matsumoto in Tamiflu zone.
7:30 of 2nd period - Adam Henrique is hit by Jonathan Matsumoto.
7:58 of 2nd period - Jordan Hendry is hit by Pasi Salonen and loses puck.
8:07 of 2nd period - William Colbert is hit by Jan Mursak and loses puck.
8:22 of 2nd period - Slapshot by Jonathan Sigalet.
8:22 of 2nd period - Shot Misses the Net.
8:36 of 2nd period - Slapshot by Jordan Hendry.
8:36 of 2nd period - Shot Blocked by Keith Aulie.
8:38 of 2nd period - Snap shot by Jan Mursak.
8:38 of 2nd period - Goal by Jan Mursak - Remparts : 1 - Tamiflu : 4.
8:39 of 2nd period - Greg Mauldin wins face-off versus Cédric Lalonde-McNicoll in neutral zone.
8:48 of 2nd period - Snap shot by Rico Fata.
8:48 of 2nd period - Shot Blocked by Kyle Lawson.
8:50 of 2nd period - Snap shot by Brandon Gormley.
8:50 of 2nd period - Stopped by Mike McKenna with a rebound.
8:52 of 2nd period - Backhand shot by Cédric Lalonde-McNicoll.
8:52 of 2nd period - Stopped by Mike McKenna with a rebound.
8:54 of 2nd period - Snap shot by Ty Wishart.
8:54 of 2nd period - Stopped by Mike McKenna without a rebound.
8:55 of 2nd period - Colin Greening wins face-off versus Chris Mueller in Tamiflu zone.
9:00 of 2nd period - Johannes Salmonsson is hit by Colin Greening and loses puck.
9:55 of 2nd period - Wrist shot by Jan Mursak.
9:55 of 2nd period - Deflect By Nino Niederreiter.
9:55 of 2nd period - Stopped by Petr Mrazek without a rebound.
9:56 of 2nd period - Colin Greening wins face-off versus Jonathan Matsumoto in Remparts zone.
10:21 of 2nd period - Cédric Lalonde-McNicoll is hit by Petr Pohl and loses puck.
10:29 of 2nd period - Off-side.
10:30 of 2nd period - Greg Mauldin wins face-off versus Jonathan Matsumoto in neutral zone.
10:33 of 2nd period - Snap shot by Greg Mauldin.
10:33 of 2nd period - Stopped by Petr Mrazek without a rebound.
10:34 of 2nd period - Jonathan Matsumoto wins face-off versus Greg Mauldin in Remparts zone.
12:00 of 2nd period - Icing by Jordan Hendry.
12:01 of 2nd period - Jarod Palmer wins face-off versus Philippe Dupuis in Tamiflu zone.
12:48 of 2nd period - Snap shot by Guillaume Desbiens.
12:48 of 2nd period - Goal by Guillaume Desbiens - Remparts : 2 - Tamiflu : 4.
12:49 of 2nd period - Greg Mauldin wins face-off versus Jonathan Matsumoto in neutral zone.
13:00 of 2nd period - Snap shot by Petr Pohl.
13:00 of 2nd period - Shot Blocked by Pasi Salonen.
13:00 of 2nd period - Pasi Salonen from Remparts is injured at 13:00 of 2nd period (Strained Left Elbow).
13:01 of 2nd period - Jonathan Matsumoto wins face-off versus Greg Mauldin in Remparts zone.
13:14 of 2nd period - Slapshot by Mattias Weinhandl.
13:14 of 2nd period - Shot Misses the Net.
13:16 of 2nd period - Slapshot by Keith Aulie.
13:16 of 2nd period - Shot Blocked by Petr Pohl.
14:05 of 2nd period - Backhand shot by Jonathan Sigalet.
14:05 of 2nd period - Stopped by Petr Mrazek with a rebound.
14:07 of 2nd period - Slapshot by Jordan Hendry.
14:07 of 2nd period - Shot Blocked by Ty Wishart.
14:09 of 2nd period - Wrist shot by Ben Hanowski.
14:09 of 2nd period - Deflect By Philippe Dupuis.
14:09 of 2nd period - Goal by Philippe Dupuis - Remparts : 2 - Tamiflu : 5.
14:10 of 2nd period - Jonathan Matsumoto wins face-off versus Greg Mauldin in neutral zone.
14:20 of 2nd period - Snap shot by Mattias Weinhandl.
14:20 of 2nd period - Stopped by Mike McKenna with a rebound.
14:40 of 2nd period - Slapshot by Jonathan Sigalet.
14:40 of 2nd period - Shot Blocked by Keith Aulie.
15:04 of 2nd period - Snap shot by Rich Clune.
15:04 of 2nd period - Stopped by Petr Mrazek with a rebound.
15:06 of 2nd period - Backhand shot by Mattias Tedenby.
15:06 of 2nd period - Stopped by Petr Mrazek with a rebound.
15:08 of 2nd period - Slapshot by Philip Samuelsson.
15:08 of 2nd period - Stopped by Petr Mrazek with a rebound.
15:26 of 2nd period - Wrist shot by Ben Hanowski.
15:26 of 2nd period - Shot Misses the Net.
15:28 of 2nd period - Slapshot by Ben Hanowski.
15:28 of 2nd period - Shot Blocked by Keith Aulie.
15:38 of 2nd period - Greg Mauldin is hit by William Colbert and loses puck.
16:17 of 2nd period - Ty Wishart is hit by Mattias Tedenby and loses puck.
17:11 of 2nd period - Rico Fata is hit by Jan Mursak.
17:35 of 2nd period - Wrist shot by Mattias Tedenby.
17:35 of 2nd period - Shot Misses the Net.
17:37 of 2nd period - Slapshot by Jordan Hendry.
17:37 of 2nd period - Stopped by Petr Mrazek with a rebound.
17:51 of 2nd period - Petr Pohl is hit by Rico Fata.
17:55 of 2nd period - Wrist shot by Jonathan Sigalet.
17:55 of 2nd period - Stopped by Petr Mrazek with a rebound.
17:57 of 2nd period - Slapshot by Justin Braun.
17:57 of 2nd period - Stopped by Petr Mrazek without a rebound.
17:58 of 2nd period - Greg Mauldin wins face-off versus Jarod Palmer in Remparts zone.
18:09 of 2nd period - Wrist shot by Petr Pohl.
18:09 of 2nd period - Shot Blocked by Erik Gustafsson.
18:11 of 2nd period - Slapshot by Zach Trotman.
18:11 of 2nd period - Shot Blocked by Erik Gustafsson.
18:13 of 2nd period - Snap shot by Justin Braun.
18:13 of 2nd period - Stopped by Petr Mrazek without a rebound.
18:14 of 2nd period - Jonathan Matsumoto wins face-off versus Adam Henrique in Remparts zone.
18:22 of 2nd period - Off-side.
18:23 of 2nd period - Adam Henrique wins face-off versus Jonathan Matsumoto in neutral zone.
18:58 of 2nd period - Wrist shot by Jonathan Matsumoto.
18:58 of 2nd period - Stopped by Mike McKenna with a rebound.
19:35 of 2nd period - Off-side.
19:36 of 2nd period - Greg Mauldin wins face-off versus Cédric Lalonde-McNicoll in neutral zone.
19:48 of 2nd period - Minor Penalty to Petr Pohl for Hooking.
19:49 of 2nd period - Cédric Lalonde-McNicoll wins face-off versus Greg Mauldin in Tamiflu zone.
Goals for this period are 1 for Remparts vs 2 for Tamiflu.
Shots for this period are 12 for Remparts vs 19 for Tamiflu.
3rd period
0:01 of 3rd period - Greg Mauldin wins face-off versus Jonathan Matsumoto in neutral zone.
0:12 of 3rd period - Nino Niederreiter is hit by Jonathan Cheechoo and loses puck.
0:33 of 3rd period - Off-side.
0:34 of 3rd period - Greg Mauldin wins face-off versus Jonathan Matsumoto in neutral zone.
0:42 of 3rd period - Philip Samuelsson is hit by Jonathan Cheechoo and loses puck.
0:50 of 3rd period - Slapshot by Ty Wishart.
0:50 of 3rd period - Shot Blocked by Nino Niederreiter.
1:00 of 3rd period - Guillaume Desbiens is hit by Garrett Wilson and loses puck.
1:05 of 3rd period - Slapshot by Justin Braun.
1:05 of 3rd period - Shot Blocked by Brandon Gormley.
1:07 of 3rd period - Slapshot by Philip Samuelsson.
1:07 of 3rd period - Shot Misses the Net.
1:19 of 3rd period - Jordan Hendry is hit by Ty Wishart.
1:47 of 3rd period - Jordan Hendry is hit by Mattias Weinhandl and loses puck.
1:48 of 3rd period - Penalty to Petr Pohl is over, Petr Pohl is back on ice.
2:29 of 3rd period - Rico Fata is hit by Zach Trotman and loses puck.
2:38 of 3rd period - Justin Braun is hit by Rico Fata and loses puck.
3:28 of 3rd period - Minor Penalty to Jan Mursak for Hooking.
3:29 of 3rd period - Jonathan Matsumoto wins face-off versus Greg Mauldin in Tamiflu zone.
3:34 of 3rd period - Snap shot by Jonathan Matsumoto.
3:34 of 3rd period - Goal by Jonathan Matsumoto - Remparts : 3 - Tamiflu : 5.
3:35 of 3rd period - Greg Mauldin wins face-off versus Jonathan Matsumoto in neutral zone.
3:40 of 3rd period - Backhand shot by Petr Pohl.
3:40 of 3rd period - Stopped by Petr Mrazek with a rebound.
3:48 of 3rd period - Wrist shot by Petr Pohl.
3:48 of 3rd period - Shot Misses the Net.
4:05 of 3rd period - Kyle Lawson is hit by Keith Aulie and loses puck.
4:26 of 3rd period - Kyle Lawson is hit by Chris Mueller and loses puck.
4:41 of 3rd period - Ty Wishart is hit by Kyle Lawson and loses puck.
4:53 of 3rd period - Minor Penalty to Ty Wishart for Diving.
4:54 of 3rd period - Greg Mauldin wins face-off versus Mattias Weinhandl in Remparts zone.
4:54 of 3rd period - Snap shot by Petr Pohl.
4:54 of 3rd period - Goal by Petr Pohl - Remparts : 3 - Tamiflu : 6.
4:55 of 3rd period - Greg Mauldin wins face-off versus Jonathan Matsumoto in neutral zone.
5:04 of 3rd period - Snap shot by Greg Mauldin.
5:04 of 3rd period - Stopped by Petr Mrazek with a rebound.
5:06 of 3rd period - Slapshot by Petr Pohl.
5:06 of 3rd period - Stopped by Petr Mrazek with a rebound.
5:08 of 3rd period - Snap shot by Tye McGinn.
5:08 of 3rd period - Stopped by Petr Mrazek without a rebound.
5:09 of 3rd period - Greg Mauldin wins face-off versus Cédric Lalonde-McNicoll in Remparts zone.
6:24 of 3rd period - Snap shot by Cédric Lalonde-McNicoll.
6:24 of 3rd period - Stopped by Mike McKenna without a rebound.
6:25 of 3rd period - Jonathan Matsumoto wins face-off versus Greg Mauldin in Tamiflu zone.
6:50 of 3rd period - Cédric Lalonde-McNicoll is hit by Nino Niederreiter and loses puck.
6:55 of 3rd period - Wrist shot by Adam Henrique.
6:55 of 3rd period - Shot Blocked by Cédric Lalonde-McNicoll.
6:57 of 3rd period - Wrist shot by Adam Henrique.
6:57 of 3rd period - Stopped by Petr Mrazek with a rebound.
6:59 of 3rd period - Slapshot by Kyle Lawson.
6:59 of 3rd period - Shot Misses the Net.
7:01 of 3rd period - Snap shot by Nino Niederreiter.
7:01 of 3rd period - Stopped by Petr Mrazek with a rebound.
7:16 of 3rd period - Minor Penalty to Rich Clune for Roughing.
7:17 of 3rd period - Greg Mauldin wins face-off versus Jonathan Matsumoto in Tamiflu zone.
9:16 of 3rd period - Penalty to Rich Clune is over, Rich Clune is back on ice.
9:29 of 3rd period - Denis Bodrov is hit by Jan Mursak and loses puck.
9:44 of 3rd period - Wrist shot by Cédric Lalonde-McNicoll.
9:44 of 3rd period - Deflect By Justin Braun.
9:44 of 3rd period - Shot Blocked by Zach Trotman.
9:44 of 3rd period - Puck is out of play.
9:45 of 3rd period - Cédric Lalonde-McNicoll wins face-off versus Colin Greening in Tamiflu zone.
9:51 of 3rd period - Minor Penalty to Mattias Tedenby for Roughing.
9:52 of 3rd period - Petr Pohl wins face-off versus Jonathan Matsumoto in Tamiflu zone.
10:00 of 3rd period - Slapshot by Greg Mauldin.
10:00 of 3rd period - Goal by Greg Mauldin - Remparts : 3 - Tamiflu : 7.
10:01 of 3rd period - Jonathan Matsumoto wins face-off versus Greg Mauldin in neutral zone.
11:51 of 3rd period - Penalty to Mattias Tedenby is over, Mattias Tedenby is back on ice.
11:58 of 3rd period - Slapshot by Mattias Tedenby.
11:58 of 3rd period - Shot Blocked by William Colbert.
12:22 of 3rd period - Slapshot by Jonathan Sigalet.
12:22 of 3rd period - Shot Misses the Net.
12:24 of 3rd period - Snap shot by Jan Mursak.
12:24 of 3rd period - Stopped by Petr Mrazek with a rebound.
12:26 of 3rd period - Snap shot by Nino Niederreiter.
12:26 of 3rd period - Stopped by Petr Mrazek with a rebound.
12:28 of 3rd period - Slapshot by Jan Mursak.
12:28 of 3rd period - Stopped by Petr Mrazek with a rebound.
12:51 of 3rd period - Icing by Colin Greening.
12:52 of 3rd period - Colin Greening wins face-off versus Cédric Lalonde-McNicoll in Tamiflu zone.
13:17 of 3rd period - Snap shot by Jarod Palmer.
13:17 of 3rd period - Deflect By Geordie Wudrick.
13:17 of 3rd period - Stopped by Mike McKenna without a rebound.
13:18 of 3rd period - Adam Henrique wins face-off versus Jonathan Matsumoto in Tamiflu zone.
13:24 of 3rd period - Slapshot by Mattias Weinhandl.
13:24 of 3rd period - Shot Blocked by Zach Trotman.
13:28 of 3rd period - Snap shot by Mattias Weinhandl.
13:28 of 3rd period - Shot Misses the Net.
13:30 of 3rd period - Wrist shot by Jonathan Cheechoo.
13:30 of 3rd period - Remparts goal is going for a video replay.
13:30 of 3rd period - The goal is refused. The puck has been kicked using a distinct kicking motion..
13:31 of 3rd period - Greg Mauldin wins face-off versus Jonathan Matsumoto in Tamiflu zone.
13:46 of 3rd period - Slapshot by Greg Mauldin.
13:46 of 3rd period - Stopped by Petr Mrazek with a rebound.
13:56 of 3rd period - Keith Aulie is hit by Mattias Tedenby and loses puck.
14:27 of 3rd period - Snap shot by Jonathan Matsumoto.
14:27 of 3rd period - Goal by Jonathan Matsumoto - Remparts : 4 - Tamiflu : 7.
14:28 of 3rd period - Greg Mauldin wins face-off versus Cédric Lalonde-McNicoll in neutral zone.
15:12 of 3rd period - Major / Game Misconduct Penalty to Jonathan Sigalet for Unsportsmanlike conduct.
15:12 of 3rd period - Jonathan Sigalet is ejected from game.
15:13 of 3rd period - Greg Mauldin wins face-off versus Jonathan Matsumoto in Tamiflu zone.
15:22 of 3rd period - Keith Aulie is hit by Petr Pohl and loses puck.
16:31 of 3rd period - Rico Fata is hit by Garrett Wilson and loses puck.
16:38 of 3rd period - Slapshot by Kyle Lawson.
16:38 of 3rd period - Shot Blocked by Guillaume Desbiens.
17:30 of 3rd period - Icing by Guillaume Desbiens.
17:31 of 3rd period - Colin Greening wins face-off versus Chris Mueller in Remparts zone.
Goals for this period are 2 for Remparts vs 2 for Tamiflu.
Shots for this period are 5 for Remparts vs 12 for Tamiflu.
Output by the SimonT Hockey Simulator (STHS) for François Prévost -- Original Page W3C XHTML 1.0 Valid